 Dungeon Crawl Stone Soup version 0.27-a0-1087-gf39c287674 (webtiles) character file.

Game seed: 3489271781749264999

300 Froggeryz the Cudgeller (level 6, -3/37 HPs)
             Began as a Tengu Chaos Knight on Apr 27, 2021.
             Was a Plaything of Xom.
             Killed from afar by a white imp (12 damage)
             ... with a puff of frost
             ... summoned by Xom
             ... on level 3 of the Dungeon.
             The game lasted 00:03:24 (3878 turns).

Froggeryz the Cudgeller (Tengu Chaos Knight)        Turns: 3878, Time: 00:03:24

Health: -3/37      AC:  4    Str: 12    XL:     6   Next: 36%
Magic:  7/7        EV: 13    Int:  9    God:    Xom [.*....]
Gold:   124        SH:  0    Dex: 11    Spells: 5/5 levels left

rFire    . . .     SeeInvis .   a - +0 mace (chaos)
rCold    . . .     Faith    .   (no shield)
rNeg     . . .     Spirit   .   b - +2 leather armour
rPois    .         Reflect  .   (helmet restricted)
rElec    .         Harm     .   (no cloak)
rCorr    .         Rampage  .   n - +0 pair of gloves
Will     .....                  (boots unavailable)
Stlth    +.........             (no amulet)
HPRegen  0.12/turn              d - ring of wizardry
MPRegen  0.10/turn              (no ring)

@: unable to read, flying quickly and evasively, quick
A: beak, talons 3, nimble flight, clumsy 1, deformed body, dopey 2, screaming 1,
weak 1, inability to read while threatened
a: Renounce Religion


You were on level 3 of the Dungeon.
You worshipped Xom.
You were a plaything of Xom.
You visited 1 branch of the dungeon, and saw 3 of its levels.

You collected 124 gold pieces.

Inventory:

Hand Weapons
 a - a +0 mace of chaos (weapon)
 g - a +0 mace
Missiles
 e - 12 poisoned darts (quivered)
 k - a javelin
 o - a throwing net
Armour
 b - a +2 leather armour (worn)
 n - a +0 pair of gloves (worn)
Jewellery
 d - a ring of wizardry (left hand)
 p - a ring of protection from fire
Scrolls
 l - a scroll of enchant weapon
Potions
 c - a potion of lignification
 h - a potion of brilliance
 i - 2 potions of haste
 j - a potion of heal wounds
 m - a potion of mutation {unknown}


   Skills:
 - Level 3.0 Fighting
 * Level 7.6 Maces & Flails
 - Level 2.1 Armour
 - Level 1.1 Dodging


You had 5 spell levels left.
You didn't know any spells.
Your spell library contained the following spells:

 Spells                   Type           Power      Damage    Failure   Level
 Magic Dart               Conj           0%         1d3       21%         1
 Blink                    Tloc           N/A        N/A       30%         2
 Call Imp                 Summ           0%         N/A       30%         2
 Slow                     Hex            0%         N/A       30%         2
 Confusing Touch          Hex            0%         N/A       50%         3
 Conjure Flame            Conj/Fire      0%         6-21      50%         3
 Gell's Gravitas          Tloc           0%         N/A       50%         3
 Mephitic Cloud           Conj/Pois/Air  0%         N/A       50%         3
 Petrify                  Tmut/Erth      0%         N/A       87%         4
 Metabolic Englaciation   Hex/Ice        0%         N/A       99%         5
 Yara's Violent Unravell  Hex/Tmut       0%         3d3       99%         5


Dungeon Overview and Level Annotations

Branches:
Dungeon (3/15)

Altars:


Innate Abilities, Weirdness & Mutations

You have a beak for a mouth.
You have claws for feet.
Your magical nature lets you fly swiftly and evasively.
You are clumsy. (Dex -2)
Armour fits poorly on your strangely shaped body.
You are very dopey. (Int -4)
You occasionally shout uncontrollably at your foes.
You are weak. (Str -2)
You sometimes lose the ability to read scrolls when taking damage.


Message History

The puff of frost hits you.
The crimson imp shouts, "Quail, thou warped feather-brained Cock-Lorel!"
The crimson imp hits you.
You hit the white imp.
The white imp is lightly wounded.
The white imp barely misses you. The crimson imp hits you.
You feel threatened and lose the ability to read scrolls!
* * * LOW HITPOINT WARNING * * *
Unknown command.
You completely miss the white imp. You claw the white imp.
Your peck misses the white imp.
The white imp is heavily wounded.
You can read scrolls again.
The white imp hits you.
* * * LOW HITPOINT WARNING * * *
The white imp freezes you.
You feel threatened and lose the ability to read scrolls!
* * * LOW HITPOINT WARNING * * *
The crimson imp hits you.
* * * LOW HITPOINT WARNING * * *
Unknown command.
You feel better.
You can read scrolls again.
The white imp closely misses you. The crimson imp closely misses you.
You hit the white imp but do no damage. Your peck misses the white imp.
The white imp is heavily wounded.
The white imp gestures at you. The puff of frost hits you.
You feel threatened and lose the ability to read scrolls!
* * * LOW HITPOINT WARNING * * *
The crimson imp hits you.
* * * LOW HITPOINT WARNING * * *
You feel better.
The white imp shouts, "Give up, thou puny magpie-eyed canker-blossom!"
The white imp closely misses you. The crimson imp barely misses you.
You completely miss the white imp. Your kick misses the white imp.
The white imp is heavily wounded.
The white imp gestures at you. The puff of frost hits you!
You die...

.###.## #########
#.#### .# #.##.# .#
#.##.# .# #.##.# .###
#.##.# ...# #. #.##.#
.#.# #. #.##.# .#.#
#.############.##.#
<#.# #
#.#..55@5.........#
.[.# #.
#.#.##########.##.#
#..# #.#.#.#
#....#....#
...#####...#.#
#.##.######
#............#####.##.#
#..######.>...........#
#..### ####.##.#######
#....# #.##.# #....#
#.##.#


You could see a quasit (summoned), a crimson imp (summoned) and a white imp
(summoned).

Vanquished Creatures
  A steam dragon (D:3)
  Jessica (D:2)
  A hound skeleton (D:3)
  4 gnolls (D:3)
  2 adders
  A worm (D:3)
  2 dart slugs (D:2)
  5 orcs (D:3)
  3 endoplasms
  A giant cockroach (D:2)
  A goblin (D:1)
  6 hobgoblins
  7 jackals
  6 kobolds
  2 quokkas
  4 ball pythons
  8 bats
  2 frilled lizards
  3 rats
60 creatures vanquished.

Vanquished Creatures (others)
  3 plants (D:3)
3 creatures vanquished.

Grand Total: 63 creatures vanquished

Notes
Turn   | Place    | Note
-------+----------+-------------------------------------------
     0 | D:1      | Froggeryz the Tengu Chaos Knight began the quest for the
                  | Orb.
     0 | D:1      | Reached XP level 1. HP: 14/14 MP: 2/2
   197 | D:1      | XOM: divination: magic mapping
   415 | D:1      | Found a faded altar of an unknown god.
   431 | D:1      | XOM: silly message
   730 | D:1      | XOM: silly message
   811 | D:1      | Reached XP level 2. HP: 18/19 MP: 3/3
   869 | D:1      | XOM: silly message
   956 | D:1      | XOM: give mutations
   956 | D:1      | Gained mutation: You are clumsy. (Dex -2) [Xom's mischief]
   956 | D:1      | Gained mutation: Armour fits poorly on your strangely
                  | shaped body. [Xom's mischief]
   956 | D:1      | Gained mutation: You are dopey. (Int -2) [Xom's mischief]
  1030 | D:1      | Reached skill level 4 in Maces & Flails
  1069 | D:1      | XOM: silly message
  1173 | D:2      | Noticed Jessica
  1622 | D:2      | Killed Jessica
  1623 | D:2      | Reached skill level 5 in Maces & Flails
  1623 | D:2      | Reached XP level 3. HP: 23/23 MP: 4/4
  1869 | D:2      | Reached XP level 4. HP: 28/28 MP: 5/5
  2301 | D:2      | XOM: fog
  2547 | D:2      | XOM: give mutations
  2547 | D:2      | Gained mutation: You are weak. (Str -2) [Xom's mischief]
  2547 | D:2      | Gained mutation: You are very dopey. (Int -4) [Xom's
                  | mischief]
  2547 | D:2      | Gained mutation: You occasionally shout uncontrollably at
                  | your foes. [Xom's mischief]
  2547 | D:2      | Gained mutation: You sometimes lose the ability to read
                  | scrolls when taking damage. [Xom's mischief]
  2854 | D:3      | Noticed a steam dragon
  2863 | D:3      | XOM: snakes to sticks
  2867 | D:3      | Killed a steam dragon
  2868 | D:3      | Reached skill level 7 in Maces & Flails
  2868 | D:3      | Gained mutation: Your magical nature lets you fly swiftly
                  | and evasively. [Tengu growth]
  2868 | D:3      | Reached XP level 5. HP: 32/32 MP: 6/6
  2868 | D:3      | Reached XP level 6. HP: 37/37 MP: 7/7
  3239 | D:3      | XOM: god gift: pair of gloves {god gift}
  3444 | D:3      | XOM: confuse monster(s)
  3588 | D:3      | XOM: torment (12/37 hp)
  3655 | D:3      | XOM: god gift: glowing battleaxe {god gift}
  3864 | D:3      | XOM: summons 4 hostile demons
  3878 | D:3      | Killed from afar by a white imp

Illustrated notes

Levels and vault maps discovered:
D:1:      scummos_arrival_star, layout_basic, chequers_ecumenical_altar_grove,
          nrook_campfire, minivault_25
D:2:      layout_loops_ring, minmay_misc_feat_pillars,
          chequers_decorated_corner, kennysheep_generic_room_9, uniq_jessica
D:3:      cheibrodos_old_hovel, layout_basic, minmay_misc_feat_chi,
          nicolae_underground_beach

Skill      XL: |  1  2  3  4 |
---------------+-------------+-----
Maces & Flails | 5 7 |  7.6
Fighting       | |  3.0
Armour         | |  2.1
Dodging        | |  1.1

Action                   |  1- 3 |  4- 6 || total
-------------------------+-------+-------++-------
Melee: Mace              |    69 |   106 ||   175
       Peck              |     6 |    11 ||    17
       Kick              |     4 |    10 ||    14
  Use: Potion            |     1 |     4 ||     5
       Scroll            |     2 |     3 ||     5
 Stab: Confused          |       |     1 ||     1
Armor: Leather armour    |    42 |    28 ||    70
       Skin              |       |    16 ||    16
Dodge: Dodged            |    81 |    87 ||   168

Table legend: (Time is in decaauts)
 A = Elapsed time spent in this place.
 B = Non-inter-level travel time spent in this place.
 C = Inter-level travel time spent in this place.
 D = Time resting spent in this place.
 E = Time spent auto-exploring this place.
 F = Levels seen in this place.
 G = Mean time per level.
                   A        B        C        D        E       F      G
               +--------+--------+--------+--------+--------+-----+--------+
         Total |   3877 |   3831 |     46 |    685 |   2657 |   3 | 1292.3 |
       Dungeon |   3877 |   3831 |     46 |    685 |   2657 |   3 | 1292.3 |
               +--------+--------+--------+--------+--------+-----+--------+

Top non-repeatable levels by time:
     D:1: 1621 daAuts
     D:2: 1153 daAuts
     D:3: 1102 daAuts
